 Dungeon Crawl Stone Soup version 0.30.0-19-g36f170ea60 (webtiles) character file.

Game seed: 16186272009574406548

355 Graphine the Conjurer (level 6, -2/35 HPs)
             Began as a Tengu Conjurer on June 1, 2023.
             Slain by a water moccasin zombie (6 damage)
             ... in an ossuary.
             The game lasted 00:07:53 (3379 turns).

Graphine the Conjurer (Tengu Conjurer)              Turns: 3379, Time: 00:07:54

Health: -2/35      AC:  2    Str:  8    XL:     6   Next: 63%
Magic:  2/11       EV: 14    Int: 20    God:
Gold:   193        SH:  0    Dex: 12    Spells: 10/11 levels left

rFire   . . .        k - +1 dagger (freeze)
rCold   . . .        (no shield)
rNeg    . . .        a - +0 robe
rPois   .            (helmet restricted)
rElec   .            (no cloak)
rCorr   .            (no gloves)
SInv    .            (boots unavailable)
Will    .....        (no amulet)
Stlth   ++           d - +4 ring of slaying
HPRegen 0.25/turn    (no ring)
MPRegen 0.12/turn

%: no passive effects
@: flying quickly and evasively, hasted, very quick
A: beak, talons 3, nimble flight
a: no special abilities


You were in an ossuary.
You visited 1 branch of the dungeon, and saw 4 of its levels.
You also visited: Ossuary.

You collected 206 gold pieces.
You spent 13 gold pieces at shops.

Inventory:

Hand Weapons
 e - a +0 short sword
 k - a +1 dagger of freezing (weapon)
Missiles
 p - 4 silver javelins
Armour
 a - a +0 robe (worn)
Jewellery
 d - a +4 ring of slaying (left hand)
 o - a ring of see invisible
Scrolls
 f - a scroll of enchant weapon
 g - a scroll of immolation
 h - 2 scrolls of enchant armour
 m - a scroll of noise
 q - 3 scrolls of identify
Potions
 b - a potion of magic
 c - a potion of heal wounds {unknown}
 i - a potion of degeneration
 j - a potion of attraction
 l - 3 potions of lignification


   Skills:
 + Level 2.2 Fighting
 * Level 3.9 Staves
 - Level 2.1 Dodging
 - Level 2.0 Stealth
 + Level 3.1 Spellcasting
 * Level 7.3 Conjurations


You had 10 spell levels left.
You knew the following spells:

 Your Spells              Type           Power      Damage    Failure   Level
a - Magic Dart            Conj           100%       1d8       1%          1

Your spell library contained the following spells:

 Spells                   Type           Power      Damage    Failure   Level
 Searing Ray              Conj           64%        2d6       1%          2
 Dazzling Flash           Conj/Hex       34%        N/A       10%         3
 Fulminant Prism          Conj/Hex       8%         3d7       30%         4
 Iskenderun's Mystic Bla  Conj/Tloc      17%        2d5       30%         4


Dungeon Overview and Level Annotations

Branches:
Dungeon (4/15)            Ossuary (1/1)
 Temple: D:4-7

Altars:

Shops:
D:1 ?   D:2 *:?=   D:3 ?


Innate Abilities, Weirdness & Mutations

You have a beak for a mouth.
You have claws for feet.
Your magical nature lets you fly swiftly and evasively.


Message History

* * * LOW HITPOINT WARNING * * *
You feel yourself speed up. The water moccasin zombie bites you.
* * * LOW HITPOINT WARNING * * *
The water moccasin zombie bites you.
* * * LOW HITPOINT WARNING * * *
You hit the water moccasin zombie. You punch the water moccasin zombie.
The water moccasin zombie is heavily damaged.
A bullfrog zombie comes into view.
You hit the water moccasin zombie.
The water moccasin zombie is heavily damaged.
The water moccasin zombie bites you.
* * * LOW HITPOINT WARNING * * *
Unknown command.
Unknown command.
A bog mummy comes into view.
A bog mummy and a mummy come into view.
There are monsters nearby!
There are monsters nearby!
There are monsters nearby!
You completely miss the water moccasin zombie.
The water moccasin zombie is heavily damaged.
The water moccasin zombie misses you.
You hit the water moccasin zombie. You claw the water moccasin zombie.
The water moccasin zombie is heavily damaged.
The water moccasin zombie completely misses you.
You barely miss the water moccasin zombie.
Your kick misses the water moccasin zombie.
Your peck misses the water moccasin zombie.
The water moccasin zombie is heavily damaged.
You puncture the water moccasin zombie!
The water moccasin zombie is severely damaged.
The water moccasin zombie completely misses you.
You hit the water moccasin zombie.
The water moccasin zombie is almost destroyed.
The water moccasin zombie completely misses you.
You hit the water moccasin zombie but do no damage.
You claw the water moccasin zombie.
The water moccasin zombie is almost destroyed.
The water moccasin zombie bites you.
You die...

#### #######
##~≈###≈≈##@#
#M≈P#P#≈≈ZZ##
+#+#+#+#~~.#≈~≈#≈#
......~Z.~.~M~#≈##
#'##+##'##~####≈≈#
! #...#~~. ≈##
#.∩.#~##~≈≈#
#∩..#.+ #≈≈
#####~# #≈


You could see a bog mummy, a water moccasin zombie and a bullfrog zombie.

Vanquished Creatures
  A wyvern zombie (Ossuary)
  A killer bee zombie (Ossuary)
  3 mummies (Ossuary)
  2 howler monkey zombies (Ossuary)
  12 gnolls
  An adder (D:4)
  2 worms
  4 dart slugs
  3 orcs (D:3)
  4 ball pythons
  12 endoplasms
  5 giant cockroaches
  3 goblins
  5 hobgoblins
  A jackal (D:2)
  4 quokkas
  7 bats
  2 frilled lizards (D:2)
  7 kobolds
  5 rats
84 creatures vanquished.

Notes
Turn   | Place    | Note
-------+----------+-------------------------------------------
     0 | D:1      | Graphine the Tengu Conjurer began the quest for the Orb.
     0 | D:1      | Reached XP level 1. HP: 10/10 MP: 4/4
   190 | D:1      | Reached XP level 2. HP: 15/15 MP: 4/6
   259 | D:1      | Reached skill level 1 in Staves
   400 | D:1      | Found Gaptagyn's Magic Scroll Emporium.
   488 | D:1      | Reached XP level 3. HP: 5/20 MP: 0/7
   916 | D:2      | Reached skill level 1 in Fighting
  1043 | D:2      | Found a transporter.
  1044 | D:2      | Found Liomyel's Assorted Antiques.
  1167 | D:2      | Found a transporter.
  1174 | D:2      | Reached skill level 6 in Conjurations
  1361 | D:2      | Found Eliely's Magic Scroll Shoppe.
  1362 | D:2      | Found Xohyes's Jewellery Shop.
  1370 | D:2      | Bought a scroll of noise for 13 gold pieces
  1403 | D:2      | Reached XP level 4. HP: 25/25 MP: 5/8
  1630 | D:2      | Found Ontocibruxt's Book Shoppe.
  2102 | D:3      | Gained mutation: Your magical nature lets you fly swiftly
                  | and evasively. [Tengu growth]
  2102 | D:3      | Reached XP level 5. HP: 26/29 MP: 0/9
  2616 | D:3      | Found Udonogru's Magic Scroll Boutique.
  3059 | D:4      | Found a sand-covered staircase.
  3163 | Ossuary  | Entered an ossuary
  3219 | Ossuary  | Reached XP level 6. HP: 33/35 MP: 7/11
  3255 | Ossuary  | Reached skill level 7 in Conjurations
  3358 | Ossuary  | HP: 1/35 [water moccasin zombie (4)]
  3379 | Ossuary  | Slain by a water moccasin zombie

Illustrated notes

Levels and vault maps discovered:
D:1:      minmay_arrival_open_corners, layout_basic, serial_shops,
          nicolae_shop_rolled_up
D:2:      layout_loops_ring, serial_shops, shop, nicolae_shop_drivethru, shop,
          nicolae_shop_peninsula, minmay_pentomino_u4
D:3:      layout_basic, serial_shops, nicolae_shop_just_a_little_nook
D:4:      layout_gridville, nicolae_ossuary_entry_false_entrances,
          nrook_loot_triangle
Ossuary:  ossuary_zaba_flooded

Skill      XL: |  1  2  3  4  5  6 |
---------------+-------------------+-----
Staves         | 1 2 3 |  3.9
Fighting       | 1 2 |  2.2
Conjurations   | 6 7 |  7.3
Spellcasting   | 3 |  3.1
Dodging        | |  2.1
Stealth        | |  2.0

Action                     |  1- 3 |  4- 6 || total
---------------------------+-------+-------++-------
  Melee: Short sword       |    18 |       ||    18
         Peck              |     3 |     4 ||     7
         Kick              |     5 |    10 ||    15
         Dagger            |       |    40 ||    40
         Punch             |       |     2 ||     2
   Cast: Magic Dart        |    54 |    92 ||   146
    Use: Scroll            |     4 |     4 ||     8
         Potion            |       |     2 ||     2
   Stab: Sleeping          |     1 |       ||     1
 Armour: Robe              |     4 |       ||     4
  Dodge: Dodged            |     9 |    29 ||    38
